 Dungeon Crawl Stone Soup version 0.31-a0-1237-gabc64e778c (webtiles) character file.

Game seed: 1086775903259121234

20534 snipermonke the Cleaver (level 12, -19/71 HPs)
             Began as a Gargoyle Gladiator on Dec 15, 2023.
             Was a Believer of the Shining One.
             Killed by an exploding white ugly thing (28 damage)
             ... ignited by their inner flame
             ... on level 13 of the Dungeon.
             The game lasted 00:23:58 (13997 turns).

snipermonke the Cleaver (Gargoyle Gladiator)       Turns: 13997, Time: 00:23:59

Health: -19/71     AC: 28    Str: 21    XL:     12   Next: 80%
Magic:  21/21      EV:  8    Int: 19    God:    the Shining One [**....]
Gold:   1971       SH:  0    Dex:  9    Spells: 24/24 levels left

rFire   . . .        C - +5 war axe "Rolojar" {spect, Int+2}
rCold   . . .        (no shield)
rNeg    + + .        i - +0 plate armour
rPois   ∞            c - +0 helmet
rElec   +            r - +2 cloak
rCorr   .            D - +0 pair of gloves
SInv    .            k - +2 pair of boots
Will    .....        j - amulet of the acrobat Stlth
                     J - ring of Shadows {Umbra +Inv Stlth+}
HPRegen 0.31/turn    s - ring of flight
MPRegen 0.17/turn

%: acrobat
@: about to teleport, corroded, flying, studying Maces & Flails
A: sickness immunity, AC +8, negative energy resistance 1, electricity
resistance, torment resistance 1, petrification resistance, clever 2
a: Renounce Religion, Evoke Invisibility, Divine Shield


You were on level 13 of the Dungeon.
You worshipped the Shining One.
The Shining One was pleased with you.
You visited 2 branches of the dungeon, and saw 14 of its levels.
You also visited: Sewer and Ossuary.

You collected 2005 gold pieces.
You spent 34 gold pieces at shops.

Inventory:

Hand Weapons
 a - a +7 quarterstaff
 C - the +5 war axe "Rolojar" (weapon) {spect, Int+2}
   (You found it on level 6 of the Dungeon)

   Int+2:     It affects your intelligence (+2).
Missiles
 d - a throwing net (quivered)
 e - 3 javelins
 g - 27 poisoned darts
Armour
 b - a +0 leather armour
 c - a +0 helmet (worn)
 i - a +0 plate armour (worn)
 k - a +2 pair of boots (worn)
 r - a +2 cloak (worn)
 t - a +0 buckler of protection
 D - a +0 pair of gloves (worn)
Jewellery
 j - an amulet of the acrobat (around neck)
 n - a ring of protection from cold
 o - an amulet of magic regeneration
 s - a ring of flight (right hand)
 B - the ring of Alufuff {Ice Fly rElec Str-3 SInv}
   (You took it off a gnoll on level 5 of the Dungeon)

   [ring of ice]

   Ice:       It enhances your ice magic.
   Str-3:     It affects your strength (-3).
   rF-:       It makes you vulnerable to fire.
   rC+:       It protects you from cold.
   rElec:     It insulates you from electricity.
   SInv:      It lets you see invisible.
   Fly:       It grants you flight.
 I - a +6 ring of intelligence
 J - the ring of Shadows (left hand) {Umbra +Inv Stlth+}
   (You took it off a kobold on level 7 of the Dungeon)

   [ring of stealth]

   Umbra:     It surrounds you with an aura of shadow, increasing your stealth
   and reducing the accuracy of all others within it.
   +Inv:      It lets you turn invisible.
   Stlth+:    It makes you more stealthy.
Wands
 h - a wand of roots (10)
 q - a wand of polymorph (5)
 v - a wand of flame (24)
 A - a wand of mindburst (9)
Scrolls
 w - 2 scrolls of amnesia
 F - 2 scrolls of immolation
 K - 3 scrolls of identify
Potions
 f - a potion of curing
 l - a potion of might
 m - 2 potions of magic
 p - 3 potions of brilliance
 x - 4 potions of heal wounds
 z - 3 potions of enlightenment
 N - 2 potions of invisibility
 O - a potion of resistance
 P - a potion of mutation
 R - 5 potions of attraction
 T - 2 potions of lignification
 U - 4 potions of haste
Miscellaneous
 E - a sack of spiders
 H - a lightning rod (4/4)


   Skills:
 + Level 6.8 Fighting
 * Level 10.6 Axes
 * Level 8.8 Staves
 - Level 1.7 Throwing
 * Level 9.7 Armour
 * Level 6.6 Dodging
 * Level 6.6 Spellcasting
 * Level 1.4 Invocations
 * Level 3.6 Evocations


You had 24 spell levels left.
You didn't know any spells.
Your spell library contained the following spells:

 Spells                   Type           Power      Damage    Failure   Level
 Apportation              Tloc           12%        N/A       86%         1
 Necrotise                Necr           24%        1d5       86%         1
 Summon Small Mammal      Summ           24%        N/A       86%         1
 Blink                    Tloc           12%        N/A       94%         2
 Lesser Beckoning         Tloc           12%        N/A       94%         2
 Poisonous Vapours        Pois/Air       12%        N/A       94%         2
 Scorch                   Fire           12%        2d5       94%         2
 Gell's Gravitas          Tloc           6%         N/A       99%         3
 Mephitic Cloud           Conj/Pois/Air  6%         N/A       99%         3
 Ozocubu's Armour         Ice            6%         N/A       99%         3
 Summon Guardian Golem    Hex/Summ       6%         N/A       99%         3
 Swiftness                Air            6%         N/A       99%         3
 Teleport Other           Tloc           6%         N/A       99%         3
 Flame Wave               Conj/Fire      6%         2d5       100%        4
 Manifold Assault         Tloc           6%         N/A       100%        4
 Freezing Cloud           Conj/Ice/Air   3%         6-21      100%        5
 Metabolic Englaciation   Hex/Ice        3%         N/A       100%        5
 Conjure Ball Lightning   Conj/Air       3%         3x3d6     100%        6
 Simulacrum               Ice/Necr       3%         N/A       100%        6
 Summon Cactus Giant      Summ           3%         N/A       100%        6
 Ozocubu's Refrigeration  Ice            3%         4d8       100%        7
 Polar Vortex             Ice            3%         N/A       100%        9


Dungeon Overview and Level Annotations

Branches:
Dungeon (13/15)            Temple (1/1) D:6            Lair (0/5) D:9
    Orc (0/2) D:11          Sewer (visited)         Ossuary (visited)
 Vaults: D:13-14

Altars:
Ashenzari
Cheibriados
Dithmenos
Elyvilon
Fedhas
Gozag
Kikubaaqudgha
Makhleb
Nemelex Xobeh
Okawaru
Qazlal
Ru
Trog
Uskayaw
Vehumet
Wu Jian
Xom
Yredelemnul
Zin
The Shining One

Shops:
D:5 [*

Annotations:
D:7 2 transporters, adozu's ghost, novice DsVM
D:12 Azrael


Innate Abilities, Weirdness & Mutations

You are immune to sickness and miasma.
Your stone body is resilient. (AC +8)
You are immune to poison.
You resist negative energy. (rN+)
You are resistant to electric shocks. (rElec)
You are resistant to unholy torment.
You are immune to petrification.
Your mind is very acute. (Int +8, Str/Dex -2)


Message History

The white ugly thing freezes your +5 war axe "Rolojar" {spect, Int+2}.
Your +5 war axe "Rolojar" {spect, Int+2} resists.
Your spectral weapon shares its damage with you!
You hit the boulder beetle but do no damage.
The boulder beetle is almost dead.
You closely miss the white ugly thing. You slash the acid dragon!
Your +5 war axe "Rolojar" {spect, Int+2} hits the boulder beetle!
Your +5 war axe "Rolojar" {spect, Int+2} hits the white ugly thing but does no damage.
Your +5 war axe "Rolojar" {spect, Int+2} hits the acid dragon.
The boulder beetle explodes!
The fiery explosion engulfs you!
* * * LOW HITPOINT WARNING * * *
Your +5 war axe "Rolojar" {spect, Int+2} closely misses the acid dragon.
Your +5 war axe "Rolojar" {spect, Int+2} hits the white ugly thing but does no damage.
Your +5 war axe "Rolojar" {spect, Int+2} hits the white ugly thing.
Flame seeps out of the white ugly thing.
Your +5 war axe "Rolojar" {spect, Int+2} barely misses the acid dragon.
You are engulfed in blazing flames.
Flame seeps out of the white ugly thing.
The acid dragon bites you but does no damage.
The acid dragon claws you but does no damage.
The white ugly thing is engulfed in poison gas.
The white ugly thing looks as sick as possible!
Flame seeps out of the white ugly thing.
The white ugly thing bites you but does no damage.
You closely miss the white ugly thing.
The white ugly thing is severely wounded.
You completely miss the acid dragon.
Your +5 war axe "Rolojar" {spect, Int+2} hits the white ugly thing but does no damage.
Your +5 war axe "Rolojar" {spect, Int+2} hits the acid dragon.
Your +5 war axe "Rolojar" {spect, Int+2} completely misses the acid dragon.
Your +5 war axe "Rolojar" {spect, Int+2} hits the white ugly thing!
Flame seeps out of the white ugly thing.
You are engulfed in blazing flames.
* * * LOW HITPOINT WARNING * * *
The white ugly thing explodes!
The fiery explosion engulfs the acid dragon!!!
You kill the acid dragon!
The fiery explosion engulfs you!!
You die...

*,*#......#.# *,*,* **+*
*,*########☼#**,*,* *,*
*,,,,,,,§,#§#*,,,,* *,*
********#§#§#*,**,********,*
#§#§##,,,,,,,,,,,*,*
####'#§.,,,,,,,,,,,,*,*
#☼§§§§☼###,,,,,,,,,,*,*
#§§§§§§§§#***+#******,*
#☼§§§§@(§####.### *,*
#§§§§§§§§§§§§§..#* *,*
#§§§§§§§§§§§§##.,* *,*
#§☼§§§.§§§§§☼###.###*,*
#§§§§☼.§§§§§§§........#
#§☼§§§.§☼§§§§####......
#§§§§§☼§§§§☼§# **#####
#§§§§§§§§§§§§##########
******......................


You could see a friendly +5 war axe "Rolojar" {spect, Int+2}.

Vanquished Creatures
  Snorg (D:11)
  5 two-headed ogres
  A boulder beetle (D:13)
  2 deep elf pyromancers
  A manticore (D:12)
  3 ugly things
  2 cyclopes
  The ghost of initializr the Cutter, a novice VSBr (D:5)
  4 gargoyles (D:10)
  2 kobold demonologists
  4 trolls
  2 hornets
  5 slime creatures
  A vampire (D:12)
  11 yaks
  A wraith (D:12)
  A fire elemental (D:13)
  A wyvern (D:9)
  3 vampire mosquitoes
  3 acid dragons
  8 water moccasins
  4 orc warriors
  3 black bears
  An ogre (D:5)
  A sky beast (D:8)
  8 centaurs
  2 phantoms
  3 kobold brigands
  5 bullfrogs
  5 gnoll sergeants
  12 scorpions
  8 wights
  6 killer bees
  4 howler monkeys
  A crimson imp (D:6)
  4 centaur zombies (Ossuary)
  3 hounds
  A jelly (D:8)
  2 human zombies (Ossuary)
  3 gnoll boudas
  8 orc priests
  A sleepcap (D:4)
  6 iguanas
  22 orc wizards
  A hell rat (Sewer)
  3 scorpion zombies (Ossuary)
  3 mummies (Ossuary)
  7 adders
  24 gnolls
  2 river rats (Sewer)
  2 shadow imps
  A white imp (D:8)
  2 worms
  2 dart slugs
  45 orcs
  4 endoplasms
  8 giant cockroaches
  A gnoll zombie (Ossuary)
  8 goblins
  7 hobgoblins
  7 jackals
  4 quokkas
  8 ball pythons
  7 bats
  4 frilled lizards
  3 goblin zombies (Ossuary)
  A hobgoblin zombie (Ossuary)
  20 kobolds
  A kobold zombie (Ossuary)
  4 orc zombies (Ossuary)
  6 rats
  A butterfly (D:6)
361 creatures vanquished.

Vanquished Creatures (others)
  3 spectral weapons
3 creatures vanquished.

Grand Total: 364 creatures vanquished

Notes
Turn   | Place    | Note
-------+----------+-------------------------------------------
     0 | D:1      | snipermonke the Gargoyle Gladiator began the quest for the
                  | Orb.
     0 | D:1      | Reached XP level 1. HP: 12/12 MP: 1/1
   182 | D:1      | Reached XP level 2. HP: 17/17 MP: 2/2
   616 | D:2      | Reached skill level 1 in Armour
   618 | D:2      | Reached XP level 3. HP: 16/21 MP: 3/3
  1369 | D:3      | Reached XP level 4. HP: 18/27 MP: 5/5
  1410 | D:3      | Found a sacrificial altar of Ru.
  1525 | D:3      | Found a sparkling altar of Nemelex Xobeh.
  1528 | D:3      | Found an ornate altar of the Wu Jian Council.
  1615 | D:3      | Found a basalt altar of Yredelemnul.
  2005 | D:4      | Noticed a two-headed ogre
  2005 | D:4      | Noticed a phantom
  2058 | D:4      | Killed a two-headed ogre
  2059 | D:4      | Reached skill level 5 in Staves
  2059 | D:4      | Reached XP level 5. HP: 27/32 MP: 5/8
  2059 | D:4      | Reached XP level 6. HP: 32/37 MP: 5/9
  2059 | D:4      | Reached XP level 7. HP: 35/41 MP: 5/10
  2223 | D:4      | Found a glowing drain.
  2235 | Sewer    | Entered a sewer
  2417 | D:4      | Reached XP level 8. HP: 48/48 MP: 12/12
  3631 | D:5      | Entered Level 5 of the Dungeon
  3637 | D:5      | Identified the +1 kite shield "Oha Muh" {rPois}
  3645 | D:5      | Noticed initializr's ghost (novice VSBr)
  3713 | D:5      | Found a broken altar of Ashenzari.
  3875 | D:5      | Reached skill level 5 in Armour
  4103 | D:5      | Identified the ring of Alufuff {Ice Fly rElec Str-3 SInv}
  4114 | D:5      | Found a transporter.
  4120 | D:5      | Found a transporter.
  4157 | D:5      | Reached XP level 9. HP: 52/52 MP: 14/14
  4243 | D:5      | Found Mamut's Antique Armour Shoppe.
  4244 | D:5      | Gained mutation: Your magical capacity is low. (-10% MP)
                  | [potion of mutation]
  4244 | D:5      | Gained mutation: Your body sometimes deteriorates upon
                  | taking damage. [potion of mutation]
  4244 | D:5      | Gained mutation: Your health recovers twice as slowly from
                  | being drained. [potion of mutation]
  4244 | D:5      | Gained mutation: You are partially covered in iridescent
                  | scales. (AC +2) [potion of mutation]
  4409 | D:6      | Found a radiant altar of Vehumet.
  4414 | D:6      | Found a burning altar of Makhleb.
  4515 | D:6      | Found a staircase to the Ecumenical Temple.
  4527 | Temple   | Entered the Ecumenical Temple
  4783 | D:6      | Identified the +5 war axe "Rolojar" {spect, Int+2}
  4983 | D:7      | Identified the +9 falchion of Urylim {drain, *Corrode
                  | +Blink rElec rC++ Dex-3}
  4983 | D:7      | Noticed a brown ugly thing
  5016 | D:6      | Reached skill level 1 in Axes
  5157 | D:7      | Reached skill level 2 in Axes
  5169 | D:7      | Reached skill level 5 in Fighting
  5174 | D:7      | Noticed a two-headed ogre
  5176 | D:7      | Reached skill level 5 in Dodging
  5327 | D:5      | Found Foel's Assorted Antiques.
  5335 | D:5      | Bought a scroll labelled VADAXT QUKKIV for 34 gold pieces
  5335 | D:5      | Acquired 1021 gold pieces
  5484 | D:5      | Reached skill level 3 in Axes
  5742 | D:5      | Killed initializr's ghost
  5743 | D:5      | Reached skill level 4 in Axes
  5743 | D:5      | Reached XP level 10. HP: 41/59 MP: 15/15
  6018 | D:6      | Lost mutation: Your magical capacity is low. (-10% MP)
                  | [potion of mutation]
  6018 | D:6      | Lost mutation: You are partially covered in iridescent
                  | scales. (AC +2) [potion of mutation]
  6018 | D:6      | Gained mutation: Your mind is acute. (Int +4, Str/Dex -1)
                  | [potion of mutation]
  6018 | D:6      | Gained mutation: You have hidden genetic defects. [potion
                  | of mutation]
  6018 | D:6      | Gained mutation: You are strong-willed. (Will+) [potion of
                  | mutation]
  6019 | D:6      | Lost mutation: You are strong-willed. (Will+) [potion of
                  | mutation]
  6019 | D:6      | Lost mutation: Your mind is acute. (Int +4, Str/Dex -1)
                  | [potion of mutation]
  6019 | D:6      | Lost mutation: Your body sometimes deteriorates upon taking
                  | damage. [potion of mutation]
  6256 | D:7      | Reached skill level 5 in Axes
  6418 | D:7      | Gained mutation: You are weak. (Str -2) [hidden defects]
  6421 | D:7      | Noticed a cyclops
  6436 | D:7      | Reached skill level 5 in Spellcasting
  6436 | D:7      | Killed a two-headed ogre
  6437 | D:7      | Reached skill level 6 in Axes
  6442 | D:7      | Killed a cyclops
  6447 | D:7      | Got the Omnibus of the United Zephyr
  6449 | D:7      | Gained mutation: You sometimes lose your temper in combat.
                  | [hidden defects]
  6449 | D:7      | Lost mutation: You have hidden genetic defects. [hidden
                  | defects expressed]
  6569 | D:7      | Found a transporter.
  6573 | D:7      | Found a transporter.
  6577 | D:7      | Noticed adozu's ghost (novice DsVM)
  6754 | D:7      | Killed a brown ugly thing
  6755 | D:7      | Reached skill level 7 in Axes
  6759 | D:7      | Reached XP level 11. HP: 29/64 MP: 17/19
  6778 | D:7      | Reached skill level 1 in Evocations
  7612 | D:8      | Found a sand-covered staircase.
  7616 | Ossuary  | Entered an ossuary
  7789 | Ossuary  | Reached skill level 8 in Axes
  8096 | D:8      | Found a glowing golden altar of the Shining One.
  8150 | D:8      | Became a worshipper of the Shining One
  8399 | D:8      | Noticed a two-headed ogre
  8409 | D:8      | Killed a two-headed ogre
  8982 | D:8      | Identified the +4 spear of Valiance {heavy, rPois Str+3
                  | Int+2 SInv}
  9406 | D:9      | Lost mutation: You sometimes lose your temper in combat.
                  | [potion of mutation]
  9406 | D:9      | Lost mutation: You are weak. (Str -2) [potion of mutation]
  9406 | D:9      | Lost mutation: Your health recovers twice as slowly from
                  | being drained. [potion of mutation]
  9406 | D:9      | Gained mutation: Your mind is acute. (Int +4, Str/Dex -1)
                  | [potion of mutation]
  9406 | D:9      | Gained mutation: Your mind is very acute. (Int +8, Str/Dex
                  | -2) [potion of mutation]
  9517 | D:9      | Reached * piety under the Shining One
  9985 | D:9      | Found a staircase to the Lair.
 10242 | D:10     | Entered Level 10 of the Dungeon
 10283 | D:10     | Reached skill level 9 in Axes
 10676 | D:10     | Found a blossoming altar of Fedhas.
 10676 | D:10     | Found an opulent altar of Gozag.
 10683 | D:10     | Found a white marble altar of Elyvilon.
 10685 | D:10     | Found a glowing silver altar of Zin.
 10687 | D:10     | Found a shadowy altar of Dithmenos.
 11165 | D:10     | Reached XP level 12. HP: 57/71 MP: 21/21
 11648 | D:11     | Noticed a two-headed ogre
 11648 | D:11     | Noticed a two-headed ogre
 11653 | D:11     | Killed a two-headed ogre
 11655 | D:11     | Killed a two-headed ogre
 11742 | D:11     | Noticed Snorg
 11770 | D:11     | Killed Snorg
 11856 | D:11     | Reached skill level 10 in Axes
 12068 | D:11     | Found a staircase to the Orcish Mines.
 13591 | D:12     | Noticed Azrael
 13650 | D:13     | Noticed an eight-headed hydra
 13650 | D:13     | Reached ** piety under the Shining One
 13809 | D:13     | Reached skill level 1 in Invocations
 13965 | D:13     | Noticed a boulder beetle
 13996 | D:13     | Killed a boulder beetle
 13997 | D:13     | Killed by an exploding white ugly thing... ignited by their
                  | inner flame

Illustrated notes

Levels and vault maps discovered:
D:1:      dpeg_arrival_boxorama, layout_rooms, minmay_misc_feat_plants
D:2:      layout_basic, minmay_misc_feat_square
D:3:      layout_basic, nicolae_overflow_hidden_temple,
          mainiacjoe_overflow_alcove_4, lemuel_crystal_altar
D:4:      layout_basic, gup_sewer_entry_pipe, minmay_circle_x
D:5:      layout_gridville, amcnicky_altar_gilded,
          gammafunk_ghost_gnarly_gnolls, serial_shops, shop,
          minmay_misc_feat_cross, kennysheep_cross_bottleneck,
          nicolae_stop_n_shop_2
D:6:      layout_basic, grunt_temple_overflow_lords_of_destruction,
          minmay_temple_entry_butterflies, hangedman_decor_peaks_small,
          minivault_22
D:7:      minmay_the_grid_square_5x5_3x3
          [minmay_the_grid_square_5x5_hollow_slash,
          minmay_the_grid_square_5x5_moneybag,
          minmay_the_grid_square_5x5_inverted_slash,
          minmay_the_grid_square_5x5_spiral_small,
          minmay_the_grid_square_5x5_megaprize_open,
          minmay_the_grid_square_5x5_intrusive_squares,
          minmay_the_grid_square_5x5_six_small,
          minmay_the_grid_square_5x5_gyroscope,
          minmay_the_grid_square_5x5_shuriken], layout_loops_ring, tgw_sif,
          gammafunk_ghost_hive, enter_bailey_3
D:8:      minmay_skewed_foursquare, layout_basic,
          nicolae_overflow_crystal_walls, enter_ossuary_5
D:9:      layout_roguey, due_lair_maze_entry_diamond
D:10:     cheibrodos_statue_roulette, layout_loops_cross,
          chequers_temple_overflow_minitemple
D:11:     layout_basic, hiddenorc1_lemuel, portal_ice_cave_entry_pillars_2,
          hangedman_abyss_or_decor_stagger, uniq_snorg
D:12:     layout_grid_maze, uniq_azrael, uniq_fannar, uniq_psyche
D:13:     layout_basic
Temple:   nicolae_temple_great_sept

Skill      XL: |  1  2  3  4  5  6  7  8  9 10 11 12 |
---------------+-------------------------------------+-----
Armour         | 1 3 5 6 7 8 9 |  9.7
Dodging        | 3 4 5 6 |  6.6
Fighting       | 3 4 5 6 |  6.8
Staves         | 5 6 7 8 |  8.8
Spellcasting   | 2 3 4 5 6 |  6.6
Axes           | 4 7 9 10 | 10.6
Evocations     | 2 3 |  3.6
Invocations    | 1 |  1.4
Throwing       | |  1.7

Action                     |  1- 3 |  4- 6 |  7- 9 | 10-12 || total
---------------------------+-------+-------+-------+-------++-------
  Melee: Quarterstaff      |   131 |    31 |   274 |       ||   436
         War axe           |       |       |    64 |   583 ||   647
         Punch             |       |       |       |     6 ||     6
  Throw: Throwing net      |       |     3 |       |     2 ||     5
  Evoke: Wand              |       |       |       |    21 ||    21
         Lightning rod     |       |       |       |     1 ||     1
    Use: Scroll            |     4 |     2 |    12 |    27 ||    45
         Potion            |       |       |     4 |    14 ||    18
   Stab: Held in net/web   |       |     1 |       |       ||     1
         Distracted        |       |       |       |     1 ||     1
 Armour: Leather armour    |    10 |       |       |       ||    10
         Plate armour      |   136 |    16 |   309 |   626 ||  1087
  Dodge: Dodged            |    76 |    14 |   193 |   364 ||   647

Table legend: (Time is in decaauts)
 A = Elapsed time spent in this place.
 B = Non-inter-level travel time spent in this place.
 C = Inter-level travel time spent in this place.
 D = Time resting spent in this place.
 E = Time spent auto-exploring this place.
 F = Levels seen in this place.
 G = Mean time per level.
                   A        B        C        D        E       F      G
               +--------+--------+--------+--------+--------+-----+--------+
         Total |  14177 |  12388 |   1789 |      0 |   9481 |  16 |  886.1 |
       Dungeon |  13511 |  11778 |   1733 |      0 |   9209 |  13 | 1039.3 |
        Temple |     59 |      3 |     56 |      0 |      0 |   1 |   59.0 |
         Sewer |    143 |    143 |      0 |      0 |     81 |   1 |  143.0 |
       Ossuary |    463 |    463 |      0 |      0 |    190 |   1 |  463.0 |
               +--------+--------+--------+--------+--------+-----+--------+

Top non-repeatable levels by time:
    D:11: 1702 daAuts
     D:4: 1617 daAuts
     D:8: 1491 daAuts
     D:5: 1386 daAuts
     D:7: 1355 daAuts
    D:10: 1102 daAuts
     D:6: 992 daAuts
     D:9: 935 daAuts
     D:3: 747 daAuts
     D:2: 632 daAuts
     D:1: 585 daAuts
    D:12: 561 daAuts
 Ossuary: 463 daAuts
    D:13: 400 daAuts
   Sewer: 143 daAuts
